 Dungeon Crawl Stone Soup version 0.28-a0-1130-gc51a68064b (webtiles) character file.

Game seed: 7921593608744333909

29 flotson the Shield-Bearer (level 3, -1/29 HPs)
             Began as a Formicid Fighter on Dec 12, 2021.
             Slain by Sigmund (3 damage)
             ... on level 2 of the Dungeon.
             The game lasted 00:01:29 (662 turns).

flotson the Shield-Bearer (Formicid Fighter)         Turns: 662, Time: 00:01:29

Health: -1/29      AC:  8    Str: 22    XL:     3   Next: 32%
Magic:  3/3        EV: 10    Int:  7    God:
Gold:   19         SH:  0    Dex: 10    Spells: 2/2 levels left

rFire   . . .      SeeInvis +   g - +0 quarterstaff
rCold   . . .      Faith    .   c - +0 buckler
rNeg    . . .      Spirit   .   b - +0 scale mail
rPois   .          Reflect  .   (helmet unavailable)
rElec   .          Harm     .   (no cloak)
rCorr   .          Rampage  .   f - +0 pair of gloves
Will    .....                   (no boots)
Stlth   ..........              (no amulet)
HPRegen 0.09/turn               (no ring)
MPRegen 0.08/turn               (no ring)

@: confused, mighty
A: permanent stasis, dig shafts and tunnels, antennae 3, four strong arms
a: Dig, Shaft Self


You were on level 2 of the Dungeon.
You visited 1 branch of the dungeon, and saw 2 of its levels.

You collected 19 gold pieces.

Inventory:

Hand Weapons
 a - a +0 war axe
 g - a +0 quarterstaff (weapon)
Armour
 b - a +0 scale mail (worn)
 c - a +0 buckler (worn)
 f - a +0 pair of gloves (worn)
Scrolls
 e - 2 scrolls of identify {unknown}
 k - a scroll of magic mapping {unknown}
Potions
 d - 2 potions of might
 h - a potion of mutation {unknown}
 i - a potion of attraction {unknown}
 j - a potion of heal wounds {unknown}


   Skills:
 + Level 3.6 Fighting
 - Level 2.0 Axes
 + Level 3.6 Armour
 + Level 1.1 Dodging
 + Level 4.0 Shields


You had 2 spell levels left.
You didn't know any spells.
Your spell library contained the following spells:

 Spells                   Type           Power      Damage    Failure   Level
 Gell's Gravitas          Tloc           0%         N/A       98%         3
 Lesser Beckoning         Tloc           0%         N/A       98%         3
 Teleport Other           Tloc           0%         N/A       98%         3


Dungeon Overview and Level Annotations

Branches:
Dungeon (2/15)

Altars:
Makhleb

Annotations:
D:2 Sigmund


Innate Abilities, Weirdness & Mutations

You cannot be hasted, slowed, berserked, paralysed or teleported.
You can dig through walls and to a lower floor.
You have a pair of large antennae on your head. (SInv)
Your four strong arms can wield two-handed weapons with a shield.


Message History

You hit the frilled lizard.
You kill the frilled lizard!
Sigmund hits you from afar with a +0 scythe!
Sigmund barely misses you.
You see here a frilled lizard corpse.
You sock Sigmund!
Sigmund is moderately wounded.
Sigmund hits you but does no damage.
You barely miss Sigmund.
Sigmund is moderately wounded.
Sigmund barely misses you.
You barely miss Sigmund.
Sigmund is moderately wounded.
Sigmund hits you but does no damage.
You hit Sigmund.
Sigmund is heavily wounded.
You closely miss Sigmund.
Sigmund is heavily wounded.
Sigmund points at you and mumbles some strange words.
The magic dart hits you. Sigmund gestures at you while chanting.
You are confused.
You are too confused!
You are too confused!
You are too confused!
You are too confused!
You are too confused!
You are too confused!
You are too confused!
You are too confused!
Sigmund hits you from afar with a +0 scythe!
* * * LOW HITPOINT WARNING * * *
Unknown command.
You feel very mighty all of a sudden.
You're too confused to move!
Sigmund hits you from afar with a +0 scythe.
* * * LOW HITPOINT WARNING * * *
A quokka comes into view.
Sigmund hits you with a +0 scythe.
You die...

. .## { ...
#.r #.# #g#
{ #@# #@#
.# #.# .#
#.# ##..#
#.###.#..#
#........##
###.......+
###....###
#....).#
#.######


You could see Sigmund (invisible), a quokka and a hobgoblin.

Vanquished Creatures
  3 dart slugs (D:1)
  6 bats (D:1)
  2 endoplasms (D:1)
  2 goblins (D:1)
  A ball python (D:1)
  6 frilled lizards
  A kobold (D:1)
  4 rats (D:1)
25 creatures vanquished.

Notes
Turn   | Place    | Note
-------+----------+-------------------------------------------
     0 | D:1      | flotson the Formicid Fighter began the quest for the Orb.
     0 | D:1      | Reached XP level 1. HP: 18/18 MP: 1/1
    66 | D:1      | Found a burning altar of Makhleb.
    79 | D:1      | Reached XP level 2. HP: 18/24 MP: 2/2
   261 | D:1      | Reached XP level 3. HP: 29/29 MP: 3/3
   276 | D:1      | Reached skill level 4 in Shields
   297 | D:1      | Reached skill level 1 in Dodging
   331 | D:1      | Found a faded altar of an unknown god.
   646 | D:2      | Noticed Sigmund
   662 | D:2      | Slain by Sigmund

Illustrated notes

Levels and vault maps discovered:
D:1:      dpeg_arrival_windows_large_door, layout_basic,
          hellmonk_ecumenical_altar_inner_sanctum, minivault_14,
          minmay_hexomino_r4
D:2:      layout_loops_corners, basic_altar, uniq_sigmund

Skill      XL: |  1  2  3 |
---------------+----------+-----
Shields        | 4 |  4.0
Dodging        | 1 |  1.1
Fighting       | |  3.6
Axes           | |  2.0
Armour         | |  3.6

Action                   || total
-------------------------++-------
Melee: War axe           ||    23
       Quarterstaff      ||    61
  Use: Potion            ||     1
Armor: Scale mail        ||    37
Dodge: Dodged            ||    47
Block: Buckler           ||    14

Table legend: (Time is in decaauts)
 A = Elapsed time spent in this place.
 B = Non-inter-level travel time spent in this place.
 C = Inter-level travel time spent in this place.
 D = Time resting spent in this place.
 E = Time spent auto-exploring this place.
 F = Levels seen in this place.
 G = Mean time per level.
                   A        B        C        D        E       F      G
               +--------+--------+--------+--------+--------+-----+--------+
         Total |    688 |    677 |     11 |      0 |    456 |   2 |  344.0 |
       Dungeon |    688 |    677 |     11 |      0 |    456 |   2 |  344.0 |
               +--------+--------+--------+--------+--------+-----+--------+

Top non-repeatable levels by time:
     D:1: 612 daAuts
     D:2: 76 daAuts
